 Dungeon Crawl Stone Soup version 0.22-a0-402-ga933591 (webtiles) character file.

118589 Firecrotchwizard the Warrior (level 16, -4/155 HPs)
             Began as a Minotaur Fighter on May 6, 2018.
             Was the Champion of Makhleb.
             Slain by an apocalypse crab (7 damage)
             ... on level 1 of the Swamp.
             The game lasted 01:01:24 (23892 turns).

Firecrotchwizard the Warrior (Minotaur Fighter)    Turns: 23892, Time: 01:01:24

Health: -4/155     AC:  0    Str: 20    XL:     16   Next: 25%
Magic:  24/24      EV:  5    Int:  5    God:    Makhleb [******]
Gold:   1494       SH:  0    Dex: 26    Spells: 15/15 levels left

rFire    . . .     SeeInvis .   (weapon currently unavailable)
rCold    . . .     Gourm    .   (shield currently unavailable)
rNeg     + + +     Faith    .   (armour currently unavailable)
rPois    ∞         Spirit   .   (helmet currently unavailable)
rElec    .         Reflect  +   (cloak currently unavailable)
rCorr    .         Harm     .   (gloves currently unavailable)
MR       +....                  (boots currently unavailable)
Stlth    ++........             g - +3 amulet of reflection
HPRegen  0.35/turn              (ring currently unavailable)
MPRegen  0.19/turn              (ring currently unavailable)

@: agile, lethally poisoned (-4 -> -4), bat-form, petrified, flying, slowed,
glowing, drained, very quick
A: tiny, (retaliatory headbutt), weak 1
a: Minor Destruction, Lesser Servant of Makhleb, Major Destruction, Greater
Servant of Makhleb, Renounce Religion


You were on level 1 of the Swamp.
You worshipped Makhleb.
Makhleb was exalted by your worship.
You were not hungry.
You were in bat-form.
You visited 5 branches of the dungeon, and saw 25 of its levels.
You also visited: Labyrinth, Sewer and Ossuary.

You collected 2430 gold pieces.
You spent 936 gold pieces at shops.

Inventory:

Hand Weapons
 o - a +2 antimagic flail
   (You took it off an orc on level 3 of the Dungeon)
 S - the +8 demon whip of the Shore (melded) {elec, rPois Dex+5}
   (You found it on level 6 of the Lair of Beasts)

   Occasionally, upon striking a foe, it will discharge some electrical energy
   and cause terrible harm.
   It affects your dexterity (+5).
   It protects you from poison.
Missiles
 b - 3 throwing nets {=f, !d}
Armour
 c - a +1 shield (melded)
 m - a +2 plate armour of poison resistance (melded)
   (You took it off an orc warrior on level 2 of the Orcish Mines)
 r - a +2 pair of gloves (melded)
   (You found it on level 3 of the Dungeon)
 t - the +0 pair of boots of Juby {rC+ rN+ Int-2}
   (You bought it in a shop on level 2 of the Orcish Mines)

   It affects your intelligence (-2).
   It protects you from cold.
   It protects you from negative energy.
 w - a +2 hat (melded)
   (You took it off Gastronok on level 9 of the Dungeon)
 J - a scarf of resistance (melded)
   (You found it on level 8 of the Dungeon)
Jewellery
 g - a +3 amulet of reflection (around neck)
   (You found it on level 5 of the Lair of Beasts)
 j - an uncursed ring of see invisible {sInv, !d}
   (You found it on level 8 of the Dungeon)
 A - an uncursed ring of resist corrosion
   (You took it off a minotaur in a labyrinth)
 H - the ring "Intuinli" (melded) {rC+ Dex+6}
   (You bought it in a shop on level 1 of the Orcish Mines)

   [ring of protection from cold]

   It affects your dexterity (+6).
   It protects you from cold.
 P - an uncursed ring of ice {rC+, rF-}
   (You took it off Fannar on level 1 of the Lair of Beasts)
 R - an uncursed ring of poison resistance {rPois, !d}
   (You found it on level 13 of the Dungeon)
 T - an uncursed ring of positive energy {rN+}
   (You found it on level 13 of the Dungeon)
 U - a +3 ring of evasion (melded)
   (You found it on level 10 of the Dungeon)
Wands
 q - a wand of clouds (4)
   (You found it on level 3 of the Dungeon)
 M - a wand of acid (23)
   (You found it on level 4 of the Lair of Beasts)
 X - a wand of digging (12)
   (You found it on level 15 of the Dungeon)
Scrolls
 e - 6 scrolls of amnesia
 h - a scroll of acquirement {unknown}
 i - 5 scrolls of magic mapping {!r}
 k - 10 scrolls of enchant weapon
 l - 6 scrolls of remove curse
 s - 12 scrolls of teleportation
 v - 6 scrolls of fear
 y - 3 scrolls of enchant armour
 F - a scroll of blinking {!r}
 N - 2 scrolls of fog
 O - a scroll of silence
 W - 4 scrolls of identify
Potions
 d - a potion of might
 n - a potion of ambrosia {unknown}
 p - 9 potions of curing
 u - a potion of invisibility {unknown}
 x - 4 potions of heal wounds
 z - 7 potions of flight
 B - 2 potions of cancellation
 C - 2 potions of magic {unknown}
 D - 2 potions of agility
 E - 5 potions of berserk rage {!q}
 G - 2 potions of lignification {unknown}
 I - 2 potions of mutation {unknown}
 L - 5 potions of brilliance {unknown}
Miscellaneous
 a - a phantom mirror
 K - a box of beasts
 V - a fan of gales
   (You found it on level 10 of the Dungeon)
 Y - a lightning rod (4/4)
   (You found it on level 10 of the Dungeon)
Comestibles
 f - 35 rations {@e1}
 Q - 2 chunks of flesh {@w0}


   Skills:
 + Level 17.1(16.6) Fighting
 - Level 14.0(13.5) Maces & Flails
 - Level 15.2(14.8) Armour
 + Level 8.2(7.8) Dodging
 - Level 15.0(14.5) Shields
 + Level 12.2(11.8) Invocations


You had 15 spell levels left.
You didn't know any spells.

Dungeon Overview and Level Annotations

Branches:
Dungeon (15/15)            Temple (1/1) D:5            Lair (6/6) D:8
  Swamp (1/4) Lair:3        Snake (0/4) Lair:3        Slime (0/5) Lair:5
    Orc (2/2) D:11            Elf (0/3) Orc:2        Vaults (0/5) D:14
 Depths (0/5) D:15

Altars:
Ashenzari
Cheibriados
Dithmenos
Elyvilon
Fedhas
Gozag
Hepliaklqana
Kikubaaqudgha
Makhleb
Nemelex Xobeh
Okawaru
Qazlal
Ru
Sif Muna
Trog
Uskayaw
Vehumet
Wu Jian
Xom
Yredelemnul
Zin
The Shining One
Beogh
Jiyva

Shops:
D:14 [}   Orc:1 [=[   Orc:2 [[([

Annotations:
D:15 1 runed door
Lair:3 exclusion: oklob plant
Lair:5 exclusion: 4 oklob plants


Innate Abilities, Weirdness & Mutations

((You reflexively headbutt those who attack you in melee.))
((You have a pair of horns on your head.))
You are weak. (Str -2)


Message History

The forest starts to sway and rumble!
Really walk into that cloud of spectral mist? [Y]es or [N]o only, please.
Really walk into that cloud of spectral mist? [Y]es or [N]o only, please.
Really walk into that cloud of spectral mist?
Okay, then.
Really walk into that cloud of spectral mist?
You are engulfed in spectral mist.
Trunks creak and shift.
A tree reaches out and hits you!
The spriggan druid hits you but does no damage.
You see here 8 arrows.
You take 6 damage, and have 108/155 hp.
You thrash the spriggan druid!!
Lightning courses through the spriggan druid!
You kill the spriggan druid!
Makhleb accepts your kill.
You feel better.
The forest abruptly stops moving.
You hear a shout!
You regained 21 hp, and now have 129/155 hp.
Things that are here:
a quarterstaff; a robe; a spriggan corpse You see here a deep dwarf skeleton.
An apocalypse crab comes into view.
You block the apocalypse crab's attack. x2
You whack the apocalypse crab!
Your headbutt misses the apocalypse crab.
Your plate armour prevents you from hitting the apocalypse crab.
You headbutt the apocalypse crab, but do no damage.
The apocalypse crab bites you!
The apocalypse crab claws you but does no damage.
You take 7 damage, and have 125/155 hp.
You hit the apocalypse crab. You headbutt the apocalypse crab.
You thrash the apocalypse crab!!
Your headbutt misses the apocalypse crab.
The apocalypse crab breathes chaos at you.
The blast of chaos engulfs you!
You turn into a bat.
The +8 demon whip of the Shore {elec, rPois Dex+5} melds into your body.
Your scarf of resistance melds into your body.
Your +2 hat melds into your body.
Your +2 pair of gloves melds into your body.
Your +1 shield melds into your body.
Your +2 plate armour of poison resistance melds into your body.
The ring "Intuinli" {rC+ Dex+6} melds into your body.
Your +3 ring of evasion melds into your body.
The +8 demon whip of the Shore {elec, rPois Dex+5} stops crackling.
You feel hot and cold all over.
You no longer feel resistant to poison.
You hit the apocalypse crab.
You are engulfed in seething chaos.
You suddenly lose the ability to move!
The apocalypse crab is engulfed in seething chaos.
The apocalypse crab seems to speed up.
The apocalypse crab bites you!
You are outlined in light.
The apocalypse crab claws you. The apocalypse crab shocks you!
You are engulfed in seething chaos.
Your body is twisted painfully.
The apocalypse crab is engulfed in seething chaos.
The apocalypse crab breathes chaos at you.
The blast of chaos engulfs you!
You feel agile all of a sudden.
You are engulfed in seething chaos.
You are blasted with air!
The apocalypse crab is engulfed in seething chaos. x2
The apocalypse crab bites you! The apocalypse crab freezes you!
The apocalypse crab claws you! The apocalypse crab shocks you!
The apocalypse crab is engulfed in seething chaos. x2
Multicoloured lights dance around the apocalypse crab!
The apocalypse crab breathes chaos at you.
The blast of chaos engulfs you!
You easily resist.
The apocalypse crab is engulfed in seething chaos.
The apocalypse crab seems to slow down.
The apocalypse crab bites you!
* * * LOW HITPOINT WARNING * * *
The apocalypse crab claws you.
* * * LOW HITPOINT WARNING * * *
You are slowing down.
The apocalypse crab bites you.
* * * LOW HITPOINT WARNING * * *
The apocalypse crab closely misses you. The apocalypse crab bites you.
The apocalypse crab shocks you!
* * * LOW HITPOINT WARNING * * *
The apocalypse crab claws you!
* * * LOW HITPOINT WARNING * * *
You feel yourself slow down.
You can move again.
Your limbs are stiffening.
You hit the apocalypse crab but do no damage.
The apocalypse crab bites you.
* * * LOW HITPOINT WARNING * * *
You shrug off the repeated paralysis!
The apocalypse crab claws you. The apocalypse crab shocks you!
* * * LOW HITPOINT WARNING * * *
The apocalypse crab bites you!
* * * LOW HITPOINT WARNING * * *
You are poisoned.
The apocalypse crab poisons you! The apocalypse crab barely misses you.
You have turned to stone.
The apocalypse crab bites you!
* * * LOW HITPOINT WARNING * * *
The apocalypse crab freezes you!
You die...

#.# ♣.♣..♣≈≈≈≈§.... #.#
#÷#...≈≈≈...... #.♣
♣.#♣.≈≈≈≈...≈≈≈ #.♣
#.#♣♣♣≈≈♣♣♣..≈≈ ♣.#
#(#♣♣.♣♣♣≈♣♣.≈≈ #.#
♣)#♣...♣.≈..≈.≈ ♣÷#
♣÷#..≈......≈..
#)♣.♣##♣#.#...≈..≈≈.♣.♣
#†#.ttb...#.§.≈§.♣..≈♣♣
#.#♣###♣###......♣≈≈..♣
#.........'..........♣≈
#####♣♣####≈..♣§...≈≈.≈
♣.≈.≈..§..≈...§≈.♣.
♣♣.≈.≈.≈≈≈....§.≈≈.
♣♣♣.♣.♣≈.♣§♣♣♣♣.♣.
♣♣♣♣♣♣♣♣♣♣ ♣♣♣♣


You could see 2 apocalypse crabs.

Vanquished Creatures
  Gastronok (D:9)
  Kirke (Lair:6)
  A frost giant (D:15)
  An orc warlord (Orc:2)
  5 dire elephants (Lair:6)
  A minotaur (Lab)
  An ettin (Orc:1)
  Harold (Lair:4)
  2 yaktaur captains
  Fannar (Lair:1)
  14 hydras
  5 ghost crabs (Swamp:1)
  7 centaur warriors
  An anaconda (Lair:6)
  An ogre mage (D:15)
  8 two-headed ogres
  Urug (D:12)
  2 alligators (Swamp:1)
  2 orc high priests (Orc:2)
  2 tengu warriors
  Sonja (Orc:2)
  A skeletal warrior (D:15)
  The ghost of josefromcouch the Shield-Bearer, a novice GnFi of Ru (D:7)
  An unseen horror (D:14)
  3 spriggan druids (Swamp:1)
  A swamp dragon (Swamp:1)
  A wolf spider zombie (D:14)
  2 orc knights
  3 deep elf magi (D:15)
  3 orc sorcerers
  9 ugly things
  2 manticores
  5 cyclopes
  4 elephants (Lair:6)
  The ghost of arthad the Cudgeler, a novice GrGl of Makhleb (D:6)
  2 torpor snails
  4 black mambas
  A centaur skeleton (D:15)
  2 naga magi (D:15)
  13 spiny frogs
  A gargoyle (D:15)
  2 rime drakes
  An efreet (D:13)
  9 komodo dragons
  5 tengu conjurers
  2 yaktaurs (D:14)
  6 trolls
  A queen bee (D:15)
  14 blink frogs
  A polar bear (Lair:4)
  31 slime creatures
  12 dream sheep
  6 hornets
  3 meliai (D:15)
  10 hippogriffs
  Prince Ribbit (D:6)
  2 bog bodies (Swamp:1)
  2 shadows
  2 wyverns
  4 spriggans (Swamp:1)
  5 basilisks
  4 wraiths
  3 hogs
  52 yaks
  2 vampires
  A hog (shapeshifter) (D:13)
  8 vampire mosquitoes
  A hungry ghost (D:12)
  The ghost of strifetoe the Bolt Thrower, an amateur HuHu (D:4)
  Edmund (D:6)
  3 wargs
  5 swamp worms (Swamp:1)
  An acid dragon (D:15)
  3 nagas (Lair:3)
  10 water moccasins
  11 porcupines
  A swamp drake (Swamp:1)
  3 sky beasts
  4 ice beasts
  A necrophage (D:11)
  An eye of draining (D:11)
  41 orc warriors
  2 phantoms
  12 ogres
  5 wolves
  5 centaurs
  16 crocodiles
  2 elf zombies (D:8)
  5 big kobolds
  14 bullfrogs
  2 scorpions
  23 killer bees
  2 wights (D:8)
  4 electric eels (D:8)
  A howler monkey (D:7)
  4 crimson imps
  3 centaur zombies
  2 human zombies (D:8)
  3 quasits
  A bullfrog zombie (D:12)
  30 orc priests
  8 hounds
  3 jellies
  25 orc wizards
  2 bullfrog skeletons
  Terence (D:3)
  A human skeleton (D:8)
  4 iguanas
  6 worker ants
  An ogre skeleton (D:8)
  4 mummies
  A worker ant zombie (D:6)
  11 gnolls
  13 adders
  2 river rats
  2 shadow imps
  2 oozes
  4 adder skeletons
  5 worms
  2 dart slugs
  11 leopard geckos
  96 orcs
  8 giant cockroaches
  9 goblins
  2 hobgoblins (D:2)
  17 jackals
  15 kobolds
  2 quokkas
  2 ball pythons (D:5)
  6 bats
  10 frilled lizards
  A giant cockroach zombie (D:6)
  5 goblin zombies (Ossuary)
  3 hobgoblin zombies (Ossuary)
  A jackal skeleton (D:5)
  A kobold zombie (Ossuary)
  A leopard gecko zombie (D:7)
  2 orc zombies (D:8)
  A quokka zombie (D:8)
  8 rats
  3 plants (Lair:6)
832 creatures vanquished.

Vanquished Creatures (collateral kills)
  Rupert (D:14)
1 creature vanquished.

Vanquished Creatures (others)
  A centaur warrior (D:13)
  A human (Lair:6)
  A sky beast (D:15)
  3 centaurs (D:13)
  3 orcs (D:8)
  2 bushes (Lair:6)
  11 fungi
  21 plants
43 creatures vanquished.

Grand Total: 876 creatures vanquished

Notes
Turn   | Place    | Note
-------+----------+-------------------------------------------
     0 | D:1      | Firecrotchwizard the Minotaur Fighter began the quest for the Orb.
     0 | D:1      | Reached XP level 1. HP: 19/19 MP: 0/0
   143 | D:1      | Reached XP level 2. HP: 24/27 MP: 1/1
   209 | D:1      | Reached skill level 3 in Maces & Flails
   398 | D:1      | Reached skill level 4 in Fighting
   407 | D:1      | Reached skill level 4 in Shields
   407 | D:1      | Reached XP level 3. HP: 21/33 MP: 2/2
   599 | D:1      | Reached skill level 4 in Armour
  1110 | D:2      | Found a shattered altar of Ashenzari.
  1192 | D:2      | Reached XP level 4. HP: 40/40 MP: 3/3
  1521 | D:3      | Reached skill level 4 in Maces & Flails
  1702 | D:3      | Reached XP level 5. HP: 30/47 MP: 1/4
  1842 | D:3      | Noticed Terence
  1854 | D:3      | Killed Terence
  2287 | D:4      | Found an opulent altar of Gozag.
  2325 | D:4      | Found a sacrificial altar of Ru.
  2471 | D:4      | Reached skill level 5 in Maces & Flails
  2471 | D:4      | Reached XP level 6. HP: 52/55 MP: 1/5
  2633 | D:4      | Noticed strifetoe's ghost (amateur HuHu)
  2647 | D:4      | Killed strifetoe's ghost
  2647 | D:4      | Reached skill level 5 in Fighting
  2647 | D:4      | Reached skill level 5 in Armour
  2647 | D:4      | Reached skill level 5 in Shields
  2662 | D:4      | Found a glowing drain.
  2697 | Sewer    | Entered a sewer
  2859 | Sewer    | Reached skill level 6 in Maces & Flails
  2859 | Sewer    | Reached XP level 7. HP: 61/61 MP: 2/6
  2910 | Sewer    | Found a white marble altar of Elyvilon.
  3220 | D:5      | Entered Level 5 of the Dungeon
  3482 | D:5      | Reached skill level 7 in Maces & Flails
  3522 | D:5      | Reached skill level 6 in Fighting
  3522 | D:5      | Reached skill level 6 in Armour
  3522 | D:5      | Reached skill level 6 in Shields
  3618 | D:5      | HP: 15/63 [orc warrior/short sword (10)]
  3627 | D:5      | HP: 13/63 [orc warrior/short sword (6)]
  3629 | D:5      | Reached XP level 8. HP: 12/70 MP: 2/7
  3735 | D:5      | Found a staircase to the Ecumenical Temple.
  3750 | Temple   | Entered the Ecumenical Temple
  3855 | Temple   | Became a worshipper of Makhleb the Destroyer
  3974 | D:5      | Found a blossoming altar of Fedhas.
  3974 | D:5      | Found an iron altar of Okawaru.
  4060 | D:6      | Noticed Prince Ribbit
  4073 | D:6      | Noticed arthad's ghost (novice GrGl)
  4127 | D:6      | HP: 12/71 [Prince Ribbit (7)]
  4128 | D:6      | Killed Prince Ribbit
  4128 | D:6      | Reached skill level 8 in Maces & Flails
  4134 | D:6      | HP: 10/71 [arthad's ghost (6)]
  4135 | D:6      | Killed arthad's ghost
  4135 | D:6      | Reached skill level 7 in Fighting
  4135 | D:6      | Reached skill level 7 in Shields
  4139 | D:6      | Reached skill level 9 in Maces & Flails
  4139 | D:6      | Reached skill level 7 in Armour
  4401 | D:6      | Noticed Edmund
  4410 | D:6      | Killed Edmund
  4410 | D:6      | Reached XP level 9. HP: 79/79 MP: 2/8
  4483 | D:6      | Found an iron altar of Okawaru.
  4591 | D:6      | Found a bloodstained altar of Trog.
  4909 | D:7      | Found a sand-covered staircase.
  4914 | Ossuary  | Entered an ossuary
  5534 | D:7      | Noticed josefromcouch's ghost (novice GnFi)
  5692 | D:7      | Killed josefromcouch's ghost
  5692 | D:7      | Reached skill level 10 in Maces & Flails
  5813 | D:8      | Reached skill level 8 in Fighting
  5813 | D:8      | Reached skill level 8 in Armour
  5813 | D:8      | Reached skill level 8 in Shields
  6006 | D:8      | Reached * piety under Makhleb
  6077 | D:8      | Noticed a troll
  6107 | D:8      | Killed a troll
  6135 | D:8      | Reached skill level 11 in Maces & Flails
  6258 | D:8      | Reached XP level 10. HP: 90/90 MP: 9/9
  6292 | D:8      | Noticed a three-headed hydra
  6308 | D:8      | Killed a three-headed hydra
  6308 | D:8      | Reached skill level 9 in Fighting
  6308 | D:8      | Reached skill level 9 in Armour
  6308 | D:8      | Reached skill level 9 in Shields
  6485 | D:8      | Found a staircase to the Lair.
  6548 | D:8      | Reached skill level 12 in Maces & Flails
  6561 | D:8      | Reached ** piety under Makhleb
  6650 | D:8      | Found a basalt altar of Yredelemnul.
  6877 | D:8      | HP: 19/91 [electric eel/bolt of electricity (6)]
  7112 | D:8      | Found a glowing golden altar of the Shining One.
  7151 | D:9      | Noticed Gastronok
  7174 | D:9      | Killed Gastronok
  7174 | D:9      | Reached XP level 11. HP: 49/99 MP: 6/10
  7300 | D:9      | Reached skill level 10 in Fighting
  7300 | D:9      | Reached skill level 10 in Shields
  7309 | D:9      | Reached skill level 13 in Maces & Flails
  7309 | D:9      | Reached skill level 10 in Armour
  8132 | D:8      | Reached *** piety under Makhleb
  8179 | Lair:1   | Entered Level 1 of the Lair of Beasts
  8179 | Lair:1   | Noticed Fannar
  8200 | Lair:1   | Killed Fannar
  8462 | Lair:1   | Found a labyrinth entrance.
  8473 | Lab      | Entered a labyrinth
  8541 | Lab      | Noticed a minotaur
  8550 | Lab      | HP: 23/101 [minotaur/glaive of chopping (20)]
  8553 | Lab      | HP: 9/101 [minotaur/glaive of chopping (3)]
  8555 | Lab      | HP: 3/101 [minotaur/glaive of chopping (7)]
  8557 | Lab      | Killed a minotaur
  8622 | Lab      | Found an exit through the horrors of the Abyss.
  8715 | Lab      | Identified the Handbook of the Mountains
  8970 | Lair:1   | Reached skill level 14 in Maces & Flails
  9187 | Lair:1   | Reached skill level 1 in Invocations
  9196 | Lair:1   | Reached skill level 11 in Fighting
  9196 | Lair:1   | Reached skill level 11 in Shields
  9311 | Lair:1   | Reached skill level 11 in Armour
  9521 | Lair:2   | Reached skill level 2 in Invocations
  9565 | Lair:2   | Reached XP level 12. HP: 110/110 MP: 12/12
  9693 | Lair:2   | Reached **** piety under Makhleb
  9761 | Lair:2   | Reached skill level 3 in Invocations
 10279 | Lair:3   | Noticed a six-headed hydra
 10294 | Lair:3   | Killed a six-headed hydra
 10381 | Lair:3   | Reached skill level 4 in Invocations
 10479 | Lair:3   | Found a staircase to the Snake Pit.
 10539 | Lair:3   | Reached skill level 12 in Shields
 10593 | Lair:3   | Reached skill level 12 in Fighting
 10611 | Lair:3   | Reached skill level 12 in Armour
 10706 | Lair:3   | Found a staircase to the Swamp.
 10983 | Lair:3   | Reached skill level 5 in Invocations
 11055 | Lair:3   | Noticed a five-headed hydra
 11062 | Lair:3   | Killed a five-headed hydra
 11525 | Lair:4   | Noticed a six-headed hydra
 11572 | Lair:4   | Noticed Harold
 11659 | Lair:4   | Killed a six-headed hydra
 11659 | Lair:4   | Reached XP level 13. HP: 113/119 MP: 16/16
 11975 | Lair:4   | Reached skill level 6 in Invocations
 12011 | Lair:4   | Killed Harold
 12393 | Lair:5   | HP: 23/119 [seven-headed hydra (8)]
 12395 | Lair:5   | HP: 4/119 [seven-headed hydra (10)]
 12601 | Lair:5   | Reached skill level 13 in Shields
 12727 | Lair:5   | Found a shimmering altar of Xom.
 12805 | Lair:5   | Reached skill level 13 in Fighting
 12863 | Lair:5   | Reached skill level 13 in Armour
 13028 | Lair:5   | Reached ***** piety under Makhleb
 13099 | Lair:5   | Found a viscous altar of Jiyva.
 13099 | Lair:5   | Found a staircase to the Slime Pits.
 13318 | Lair:5   | Reached skill level 7 in Invocations
 13666 | Lair:6   | Entered Level 6 of the Lair of Beasts
 13668 | Lair:6   | Noticed Kirke
 14109 | Lair:6   | Killed Kirke
 14915 | Lair:6   | Reached skill level 8 in Invocations
 14919 | Lair:6   | Noticed a dire elephant
 14934 | Lair:6   | Killed a dire elephant
 14934 | Lair:6   | Reached XP level 14. HP: 89/130 MP: 19/19
 15011 | Lair:6   | Gained mutation: You are weak. (Str -2) [a neqoxec]
 15031 | Lair:6   | Reached skill level 14 in Shields
 15126 | Lair:6   | Got a polished demon whip
 15134 | Lair:6   | Got a steaming dagger
 15196 | Lair:6   | Reached skill level 14 in Fighting
 15196 | Lair:6   | Reached skill level 14 in Armour
 15242 | Lair:6   | Identified the +8 demon whip of the Shore {elec, rPois Dex+5} (You found it on level 6 of the Lair of Beasts)
 15519 | D:10     | Entered Level 10 of the Dungeon
 15636 | D:10     | Identified the Almanac of Creative Flames
 16870 | D:11     | Found a staircase to the Orcish Mines.
 17258 | Orc:1    | Entered Level 1 of the Orcish Mines
 17389 | Orc:1    | Found Ciutom's Armour Shop.
 17492 | Orc:2    | Entered Level 2 of the Orcish Mines
 17502 | Orc:2    | Reached skill level 9 in Invocations
 17514 | Orc:2    | Reached ****** piety under Makhleb
 17564 | Orc:2    | Found a staircase to the Elven Halls.
 17635 | Orc:2    | Noticed Sonja
 17686 | Orc:2    | Found a roughly hewn altar of Beogh.
 17688 | Orc:2    | Killed Sonja
 17762 | Orc:2    | Noticed an orc warlord
 17818 | Orc:2    | Killed an orc warlord
 17877 | Orc:2    | Found Osil's Antique Armour Shop.
 17877 | Orc:2    | Found a roughly hewn altar of Beogh.
 17934 | Orc:2    | Found Haenaaf's Antique Weapon Boutique.
 18091 | Orc:2    | Found a roughly hewn altar of Beogh.
 18091 | Orc:2    | Found Dyothrop's Armour Shop.
 18170 | Orc:2    | Found a roughly hewn altar of Beogh.
 18254 | Orc:2    | Found a roughly hewn altar of Beogh.
 18255 | Orc:2    | Found Taprab's Antique Armour Shop.
 18292 | Orc:2    | Bought a pair of jewelled boots for 199 gold pieces
 18297 | Orc:2    | Identified the cursed +0 pair of boots of Juby {rC+ rN+ Int-2} (You bought it in a shop on level 2 of the Orcish Mines)
 18328 | Orc:2    | Found a roughly hewn altar of Beogh.
 18416 | Orc:1    | Found Posoah's Antique Armour Shoppe.
 18450 | Orc:1    | Bought a pair of crude gloves for 247 gold pieces
 18460 | Orc:1    | Identified the cursed -4 pair of gloves of the Tormentor {rElec rPois Dex+6} (You bought it in a shop on level 1 of the Orcish Mines)
 18761 | Orc:1    | Found Imuonut's Jewellery Shop.
 18769 | Orc:1    | Bought the ring "Intuinli" {rC+ Dex+6} for 490 gold pieces
 18897 | D:12     | Reached skill level 15 in Shields
 19192 | D:12     | Reached skill level 15 in Fighting
 19192 | D:12     | Reached skill level 15 in Armour
 19214 | D:12     | Noticed Urug
 19225 | D:12     | Killed Urug
 19790 | D:13     | Reached XP level 15. HP: 141/141 MP: 21/21
 19822 | D:13     | Reached skill level 10 in Invocations
 19836 | D:13     | Identified Saishio's Grimoire of Flight and Summoning
 20129 | D:13     | Reached skill level 1 in Dodging
 20590 | D:14     | Reached skill level 2 in Dodging
 20631 | D:14     | Found Kiteog's Gadget Emporium.
 20846 | D:14     | You fall through a shaft!
 20846 | D:15     | Entered Level 15 of the Dungeon
 20890 | D:15     | Reached skill level 3 in Dodging
 21052 | D:15     | Reached skill level 4 in Dodging
 21140 | D:15     | Found a staircase to the Depths.
 21171 | D:15     | Reached skill level 16 in Fighting
 21304 | D:15     | Reached skill level 11 in Invocations
 21359 | D:15     | Reached skill level 5 in Dodging
 21420 | D:15     | Noticed a frost giant
 21437 | D:15     | Killed a frost giant
 21437 | D:15     | Reached skill level 6 in Dodging
 21466 | D:15     | Got an uncursed smoking morningstar {elec}
 21476 | D:15     | Found a runed door.
 21492 | D:15     | Identified Plog's Guide on Cold and the Traveller
 21503 | D:15     | Got a shimmering marble ring
 21505 | D:15     | Identified the ring "Beloamy" {Wiz MR- Int+9 SInv} (You took it off a centaur warrior on level 15 of the Dungeon)
 21901 | D:14     | Found a gate to the Vaults.
 21926 | D:14     | Noticed Rupert
 21928 | D:14     | Paralysed by Rupert for 6 turns
 21941 | D:14     | Killed Rupert
 22225 | D:14     | Found Ucsearih's Armour Emporium.
 22411 | D:14     | Reached skill level 7 in Dodging
 22650 | Swamp:1  | Entered Level 1 of the Swamp
 22668 | Swamp:1  | Reached XP level 16. HP: 133/152 MP: 23/23
 22847 | Swamp:1  | Identified the +5 morningstar of Rynyhur {elec, rF- rN+ Dex+3 Stlth+} (You took it off a centaur warrior on level 15 of the Dungeon)
 22970 | Swamp:1  | Reached skill level 12 in Invocations
 23056 | Swamp:1  | Found a runed door.
 23566 | Swamp:1  | Reached skill level 17 in Fighting
 23646 | Swamp:1  | Reached skill level 8 in Dodging
 23886 | Swamp:1  | Paralysed by you for 4 turns
 23889 | Swamp:1  | HP: 37/155 [apocalypse crab (4)]
 23891 | Swamp:1  | HP: 12/155 [apocalypse crab (7)]
 23892 | Swamp:1  | HP: 3/155 [apocalypse crab (5)]
 23892 | Swamp:1  | Slain by an apocalypse crab

Vault maps used:
D:1:      tarquinn_simple_flora_water_a
D:2:      ashenzari_altar_1
D:3:      first_ration, uniq_terence
D:4:      lemuel_doored_altar, portal_sewer_entry_a,
          hangedman_abyss_or_decor_stagger,
          nicolae_gozag_cash_rules_everything_around_me
D:5:      gammafunk_temple_overflow_elements, minmay_temple_entry_mist
D:6:      bloody_trog, okawaru_gym_becter, uniq_prince_ribbit1, uniq_edmund
D:7:      enter_ossuary_5
D:8:      lemuel_mausoleum_altar_yredelemnul, kennysheep_little_box,
          erik_lair_island, hangedman_ranch, grunt_ministairs_11
D:9:      uniq_gastronok
D:10:     minmay_tri_box
D:11:     orc_0_dummy
D:12:     corexii_corridor_pit, uniq_urug
D:14:     david_vaults_2, serial_shops, nicolae_shop_waterfront, shop,
          uniq_rupert
D:15:     grunt_enter_depths_magical_seal, special_room, minmay_misc_feat_iff,
          serial_park_tiny_pond, minmay_the_grid_square_5x5_3x3_mashed
Temple:   compressed_dpeg_circular_temple
Lair:1:   lab_entry_generic, uniq_fannar
Lair:2:   lemuel_fruit_fields, serial_bayou_shore_b
Lair:3:   minmay_lair_oklob_tunnel, swamp_mist_pool,
          guppyfry_snake_entry_garden, beast_lair_carwin_11, grunt_megastairs_5
Lair:4:   serial_bayou_shore_b, uniq_harold
Lair:5:   dpeg_slime_entry_enclosed_altar, basic_altar, st_stairs_5,
          minmay_lair_oklob_chamber, serial_bayou_shore_b, grunt_megastairs_3
Lair:6:   due_jungle_book, serial_forest, infiniplex_forest_lined_corner,
          infiniplex_forest_straight_3, infiniplex_forest_clump_double,
          infiniplex_forest_3_way, infiniplex_forest_lined_ring,
          infiniplex_forest_clump_curved, infiniplex_forest_end_3, uniq_kirke
Swamp:1:  gammafunk_mikee_crab_dinner, nicolae_swamp_feature_on_the_river_bank,
          swamp_pool2
Orc:1:    serial_shops, nicolae_shop_overgrown_old_shop, shop, shop
Orc:2:    grunt_orc_community_town_hall, grunt_orc_community_big_house_1,
          grunt_orc_community_big_house_1, grunt_orc_community_house_1,
          grunt_orc_community_house_2, grunt_orc_community_house_2,
          grunt_orc_community_house_1, abandoned_shop, uniq_sonja
Lab:      nicolae_lab_dead_adventurers, nicolae_lab_dead_end,
          nicolae_lab_flowing_pool, labyrinth_fake_exit, nicolae_lab_plus,
          labyrinth_skeletal_remains
Sewer:    sewer_kobolds
Ossuary:  ossuary_kennysheep_city_of_the_dead

Skill      XL: |  1  2  3  4  5  6  7  8  9 10 11 12 13 14 15 16 |
---------------+-------------------------------------------------+-----
Maces & Flails | 3 4 5 6 7 9 11 12 14 | 14.0
Fighting       | 4 5 6 7 8 9 11 12 13 15 16 17 | 17.1
Shields        | 4 5 6 7 8 9 11 12 13 15 | 15.0
Armour         | 4 5 6 7 8 9 11 12 13 15 | 15.2
Invocations    | 2 5 8 9 11 12 | 12.2
Dodging        | 7 8 |  8.2

Action                   |  1- 3 |  4- 6 |  7- 9 | 10-12 | 13-15 | 16-18 || total
-------------------------+-------+-------+-------+-------+-------+-------++-------
Melee: Flail             |   131 |   175 |   359 |   700 |   393 |       ||  1758
       Headbutt          |    19 |    29 |    68 |   177 |   429 |    75 ||   797
       Demon whip        |       |       |       |       |  1037 |   183 ||  1220
       Unarmed           |       |       |       |       |       |     2 ||     2
Invok: Major Destruction |       |       |       |       |     5 |       ||     5
       Minor Destruction |       |       |       |       |     1 |       ||     1
       Lesser Servant of |       |       |       |       |     2 |       ||     2
       Greater Servant o |       |       |       |       |     1 |       ||     1
  Use: Scroll            |       |     2 |    16 |     8 |    12 |       ||    38
       Potion            |       |       |       |     2 |     2 |       ||     4
 Stab: Distracted        |       |       |       |       |     1 |       ||     1
  Eat: Chunk             |     1 |     6 |     8 |    12 |    25 |     3 ||    55
       Ration            |       |       |     1 |     2 |     3 |     1 ||     7
Armor: Scale mail        |    99 |    27 |       |       |       |       ||   126
       Chain mail        |       |    46 |   122 |   174 |   179 |       ||   521
       Plate armour      |       |       |       |    26 |   203 |    88 ||   317
Dodge: Dodged            |    55 |    42 |    52 |   116 |   275 |    43 ||   583
Block: Shield            |    81 |    88 |   160 |   294 |   910 |   110 ||  1643
       Reflection        |       |       |       |       |    49 |     1 ||    50

Table legend:
 A = Spawn XP
 B = Non-spawn XP
 C = Spawn XP percentage of total XP
 D = Spawn monster count
 E = Non-spawn monster count
 F = Spawn count percentage of total count
 G = Total turns spent on level
                    A         B        C        D         E        F      G
               +---------+---------+-------+---------+---------+-------+---------
         Total |       0 |  169413 |   0.0 |       0 |     835 |   0.0 | 23892
               +---------+---------+-------+---------+---------+-------+---------
           D:1 |       0 |      51 |   0.0 |       0 |      29 |   0.0 |   845
           D:2 |       0 |      66 |   0.0 |       0 |      25 |   0.0 |   491
           D:3 |       0 |     169 |   0.0 |       0 |      28 |   0.0 |   920
           D:4 |       0 |     363 |   0.0 |       0 |      21 |   0.0 |   707
           D:5 |       0 |     820 |   0.0 |       0 |      27 |   0.0 |   700
           D:6 |       0 |    1397 |   0.0 |       0 |      14 |   0.0 |   631
           D:7 |       0 |     834 |   0.0 |       0 |       3 |   0.0 |   713
           D:8 |       0 |    5285 |   0.0 |       0 |      60 |   0.0 |  1683
           D:9 |       0 |    4083 |   0.0 |       0 |      24 |   0.0 |   826
          D:10 |       0 |    2717 |   0.0 |       0 |      14 |   0.0 |  1127
          D:11 |       0 |    2750 |   0.0 |       0 |      21 |   0.0 |   613
          D:12 |       0 |    4782 |   0.0 |       0 |      20 |   0.0 |   814
          D:13 |       0 |    9475 |   0.0 |       0 |      31 |   0.0 |   941
          D:14 |       0 |   11130 |   0.0 |       0 |      28 |   0.0 |   832
          D:15 |       0 |   30573 |   0.0 |       0 |      97 |   0.0 |  1035
        Lair:1 |       0 |    6636 |   0.0 |       0 |      25 |   0.0 |  1098
        Lair:2 |       0 |    6140 |   0.0 |       0 |      27 |   0.0 |   777
        Lair:3 |       0 |    7329 |   0.0 |       0 |      26 |   0.0 |  1144
        Lair:4 |       0 |    8541 |   0.0 |       0 |      28 |   0.0 |  1031
        Lair:5 |       0 |    9336 |   0.0 |       0 |      25 |   0.0 |  1347
        Lair:6 |       0 |   19697 |   0.0 |       0 |      42 |   0.0 |  1715
       Swamp:1 |       0 |   18053 |   0.0 |       0 |      40 |   0.0 |  1242
         Orc:1 |       0 |    6699 |   0.0 |       0 |      44 |   0.0 |   613
         Orc:2 |       0 |   10854 |   0.0 |       0 |     113 |   0.0 |   976
           Lab |       0 |    1246 |   0.0 |       0 |       1 |   0.0 |   272
         Sewer |       0 |     119 |   0.0 |       0 |       9 |   0.0 |   257
       Ossuary |       0 |     268 |   0.0 |       0 |      13 |   0.0 |   402
               +---------+---------+-------+---------+---------+-------+---------

Vault maps used:
D:1:      tarquinn_simple_flora_water_a
D:2:      ashenzari_altar_1
D:3:      first_ration, uniq_terence
D:4:      lemuel_doored_altar, portal_sewer_entry_a,
          hangedman_abyss_or_decor_stagger,
          nicolae_gozag_cash_rules_everything_around_me
D:5:      gammafunk_temple_overflow_elements, minmay_temple_entry_mist
D:6:      bloody_trog, okawaru_gym_becter, uniq_prince_ribbit1, uniq_edmund
D:7:      enter_ossuary_5
D:8:      lemuel_mausoleum_altar_yredelemnul, kennysheep_little_box,
          erik_lair_island, hangedman_ranch, grunt_ministairs_11
D:9:      uniq_gastronok
D:10:     minmay_tri_box
D:11:     orc_0_dummy
D:12:     corexii_corridor_pit, uniq_urug
D:14:     david_vaults_2, serial_shops, nicolae_shop_waterfront, shop,
          uniq_rupert
D:15:     grunt_enter_depths_magical_seal, special_room, minmay_misc_feat_iff,
          serial_park_tiny_pond, minmay_the_grid_square_5x5_3x3_mashed
Temple:   compressed_dpeg_circular_temple
Lair:1:   lab_entry_generic, uniq_fannar
Lair:2:   lemuel_fruit_fields, serial_bayou_shore_b
Lair:3:   minmay_lair_oklob_tunnel, swamp_mist_pool,
          guppyfry_snake_entry_garden, beast_lair_carwin_11, grunt_megastairs_5
Lair:4:   serial_bayou_shore_b, uniq_harold
Lair:5:   dpeg_slime_entry_enclosed_altar, basic_altar, st_stairs_5,
          minmay_lair_oklob_chamber, serial_bayou_shore_b, grunt_megastairs_3
Lair:6:   due_jungle_book, serial_forest, infiniplex_forest_lined_corner,
          infiniplex_forest_straight_3, infiniplex_forest_clump_double,
          infiniplex_forest_3_way, infiniplex_forest_lined_ring,
          infiniplex_forest_clump_curved, infiniplex_forest_end_3, uniq_kirke
Swamp:1:  gammafunk_mikee_crab_dinner, nicolae_swamp_feature_on_the_river_bank,
          swamp_pool2
Orc:1:    serial_shops, nicolae_shop_overgrown_old_shop, shop, shop
Orc:2:    grunt_orc_community_town_hall, grunt_orc_community_big_house_1,
          grunt_orc_community_big_house_1, grunt_orc_community_house_1,
          grunt_orc_community_house_2, grunt_orc_community_house_2,
          grunt_orc_community_house_1, abandoned_shop, uniq_sonja
Lab:      nicolae_lab_dead_adventurers, nicolae_lab_dead_end,
          nicolae_lab_flowing_pool, labyrinth_fake_exit, nicolae_lab_plus,
          labyrinth_skeletal_remains
Sewer:    sewer_kobolds
Ossuary:  ossuary_kennysheep_city_of_the_dead

Table legend:
 A = Turns spent in this place as a percentage of turns spent in the entire game.
 B = Non-inter-level travel turns spent in this place as a percentage of non-inter-level travel turns spent in the entire game.
 C = Inter-level travel turns spent in this place as a percentage of turns spent in this place.
 D = Turns resting spent in this place as a percentage of non-inter-level travel turns spent in this place.
 E = Turns spent auto-exploring this place as a percentage of non-inter-level travel turns spent in this place.
 F = Non-inter-level travel turns spent in this place divided by the number of levels of this place that you've seen.
                   A       B       C       D       E      F
               +-------+-------+-------+-------+-------+----------------------
         Total | 100.0 | 100.0 |   6.0 |  14.9 |  57.6 | 802.2
       Dungeon |  53.9 |  53.4 |   6.8 |  13.4 |  61.4 | 800.3
        Temple |   0.6 |   0.5 |  24.3 |   0.0 |  69.8 | 106.0
          Lair |  29.8 |  29.9 |   5.5 |  16.9 |  55.5 | 1120.5
         Swamp |   5.2 |   5.5 |   0.0 |  17.6 |  55.6 | 1242.0
  Orcish Mines |   6.7 |   6.5 |   8.4 |   9.6 |  49.1 | 728.0
     Labyrinth |   1.1 |   1.2 |   0.0 |  44.1 |   0.0 | 272.0
         Sewer |   1.1 |   1.1 |   0.0 |  38.9 |  40.1 | 257.0
       Ossuary |   1.7 |   1.8 |   0.0 |   7.2 |  64.7 | 402.0
               +-------+-------+-------+-------+-------+----------------------

Table legend:
 A = Kills in this place as a percentage of kills in entire the game.
 B = Kills by you in this place as a percentage of kills by you in the entire game.
 C = Kills by friends in this place as a percentage of kills by friends in the entire game.
 D = Other kills in this place as a percentage of other kills in the entire game.
 E = Experience gained in this place as a percentage of experience gained in the entire game.
 F = Experience gained in this place divided by the number of levels of this place that you have seen.
                   A       B       C       D       E      F
               +-------+-------+-------+-------+-------+----------------------
         Total | 100.0 | 100.0 | 100.0 | 100.0 | 100.0 | 6050.5
       Dungeon |  52.9 |  52.6 | 100.0 | 100.0 |  44.0 | 4966.3
          Lair |  20.7 |  20.9 |   0.0 |   0.0 |  34.0 | 9613.2
         Swamp |   4.8 |   4.8 |   0.0 |   0.0 |  10.7 | 18053.0
  Orcish Mines |  18.8 |  18.9 |   0.0 |   0.0 |  10.4 | 8776.5
     Labyrinth |   0.1 |   0.1 |   0.0 |   0.0 |   0.7 | 1246.0
         Sewer |   1.1 |   1.1 |   0.0 |   0.0 |   0.1 | 119.0
       Ossuary |   1.6 |   1.6 |   0.0 |   0.0 |   0.2 | 268.0
               +-------+-------+-------+-------+-------+----------------------
